 Dungeon Crawl Stone Soup version 0.30.0-19-g36f170ea60 (webtiles) character file.

Game seed: 11992786168783377827

45843 Diggabert the Spear-Bearer (level 14, -12/104 HPs)
             Began as a Formicid Fighter on May 28, 2023.
             Was an Elder of Hepliaklqana.
             Mangled by a death yak (17 damage)
             ... on level 2 of the Lair of Beasts.
             The game lasted 00:29:45 (12966 turns).

Diggabert the Spear-Bearer (Formicid Fighter)      Turns: 12966, Time: 00:29:46

Health: -12/104    AC: 23    Str: 30    XL:     14   Next: 73%
Magic:  14/14      EV: 11    Int: 12    God:    Hepliaklqana [****..]
Gold:   974        SH: 12    Dex: 13    Spells: 13/13 levels left

rFire   + . .        D - +9 spear "Dirhediw" {venom, Will+ Str+4}
rCold   . . .        c - +0 buckler
rNeg    + . .        M - +2 plate armour {rN+}
rPois   +            (helmet unavailable)
rElec   +            E - +0 cloak
rCorr   .            g - +1 pair of gloves
SInv    +            Y - +0 pair of boots
Will    ++...        J - amulet of reflection Stlth
                     s - +6 ring of intelligence
HPRegen 0.37/turn    P - ring "Meylicak" {rElec rF+ Int-2 Slay+3}
MPRegen 0.14/turn

%: reflection
@: no status effects
A: reduced essence, permanent stasis, dig shafts and tunnels, antennae 3, four
strong arms, poison resistance
a: Dig, Shaft Self, Renounce Religion, Recall Ancestor, Ancestor Identity,
Transference, Idealise


You were on level 2 of the Lair of Beasts.
You worshipped Hepliaklqana.
Hepliaklqana was greatly pleased with you.
You visited 3 branches of the dungeon, and saw 14 of its levels.
You also visited: Bailey.

You collected 974 gold pieces.

Inventory:

Hand Weapons
 B - a +0 vampiric trident
 D - the +9 spear "Dirhediw" (weapon) {venom, Will+ Str+4}
   (You found it on level 6 of the Dungeon)

   Str:       It affects your strength (+4).
   Will:      It increases your willpower.
 F - a +5 halberd of freezing
 G - a +0 glaive
 H - a +1 trident of protection
 U - a +3 halberd of flaming
Missiles
 k - a boomerang of dispersal (quivered)
 L - 31 poisoned darts
 R - 5 silver javelins
 V - 4 javelins
Armour
 c - a +0 buckler (worn)
 g - a +1 pair of gloves (worn)
 E - a +0 cloak (worn)
 M - a +2 plate armour of positive energy (worn)
 T - a +3 plate armour
 Y - a +0 pair of boots (worn)
Jewellery
 p - an amulet of the acrobat
 s - a +6 ring of intelligence (left hand)
 w - a ring of ice
 J - an amulet of reflection (around neck)
 P - the ring "Meylicak" (right hand) {rElec rF+ Int-2 Slay+3}
   (You acquired it on level 1 of the Lair of Beasts)

   [ring of protection from fire]

   Int:       It affects your intelligence (-2).
   Slay:      It affects your accuracy & damage with ranged weapons and melee
   (+3).
   rF:        It protects you from fire.
   rElec:     It insulates you from electricity.
 S - a ring of ice
Wands
 a - a wand of roots (22)
 i - a wand of flame (84)
 O - a wand of paralysis (5)
Scrolls
 b - 4 scrolls of fog
 j - 5 scrolls of fear
 m - 2 scrolls of magic mapping
 o - 3 scrolls of poison
 t - a scroll of immolation {unknown}
 x - 5 scrolls of noise
 y - 2 scrolls of butterflies {unknown}
 z - 2 scrolls of enchant armour
 C - 2 scrolls of torment {unknown}
 K - 3 scrolls of enchant weapon
 N - 2 scrolls of amnesia {unknown}
 Q - a scroll of silence
Potions
 d - 2 potions of might
 e - 6 potions of mutation
 f - 5 potions of brilliance
 h - 5 potions of curing
 l - 3 potions of flight
 n - 3 potions of attraction
 q - 3 potions of invisibility
 r - 6 potions of lignification
 v - 2 potions of magic
 A - 3 potions of heal wounds
 I - a potion of resistance
 W - 7 potions of ambrosia
 X - 4 potions of cancellation


   Skills:
 * Level 12.5 Fighting
 * Level 13.9 Polearms
 * Level 12.8 Armour
 * Level 7.8 Dodging
 * Level 12.6 Shields


You had 13 spell levels left.
You didn't know any spells.
Your spell library contained the following spells:

 Spells                   Type           Power      Damage    Failure   Level
 Apportation              Tloc           0%         N/A       92%         1
 Slow                     Hex            0%         N/A       92%         1
 Cigotuvi's Dreadful Rot  Necr/Pois/Air  0%         N/A       98%         2
 Confusing Touch          Hex            0%         N/A       100%        3
 Ignite Poison            Fire/Tmut/Pois 0%         N/A       100%        3
 Ozocubu's Armour         Ice            0%         N/A       100%        3
 Tukima's Dance           Hex            0%         N/A       100%        3
 Vampiric Draining        Necr           0%         2d6       100%        3
 Volatile Blastmotes      Fire/Tloc      0%         2d10      100%        3
 Fulminant Prism          Conj/Hex       0%         3d5       100%        4
 Iskenderun's Mystic Bla  Conj/Tloc      0%         2d3       100%        4
 Passage of Golubria      Tloc           0%         N/A       100%        4
 Sticky Flame             Conj/Fire      0%         2d3       100%        4
 Alistair's Intoxication  Tmut/Pois      0%         N/A       100%        5
 Freezing Cloud           Conj/Ice/Air   0%         6-21      100%        5
 Lee's Rapid Deconstruct  Erth           0%         3d4*      100%        5
 Yara's Violent Unravell  Hex/Tmut       0%         3d3       100%        5
 Ozocubu's Refrigeration  Ice            0%         4d7       100%        7
 Ignition                 Fire           0%         3d3       100%        8


Dungeon Overview and Level Annotations

Branches:
Dungeon (11/15)            Temple (1/1) D:6            Lair (2/5) D:8
 Bailey (visited)
  Swamp: Lair:2-3    Shoals: Lair:2-3     Snake: Lair:2-3    Spider: Lair:2-3
    Orc: D:9-12

Altars:
Ashenzari
Cheibriados
Dithmenos
Elyvilon
Fedhas
Gozag
Hepliaklqana
Kikubaaqudgha
Makhleb
Nemelex Xobeh
Okawaru
Qazlal
Ru
Sif Muna
Trog
Uskayaw
Vehumet
Wu Jian
Xom
Yredelemnul
Zin
The Shining One

Annotations:
D:7 4 transporters, Du3lingdragon's ghost, novice HOCA


Innate Abilities, Weirdness & Mutations

Your life essence is reduced to manifest your ancestor. (-10% HP)
You cannot be hasted, slowed, berserked, paralysed or teleported.
You can dig through walls and to a lower floor.
You have a pair of large antennae on your head. (SInv)
Your four strong arms can wield two-handed weapons with a shield.
Your system is resistant to poisons. (rPois)


Message History

The death yak closely misses you.
Gilligan hits the death yak but does no damage.
You puncture the death yak!
The death yak is poisoned.
The death yak is lightly wounded.
You barely miss the death yak.
The death yak is lightly wounded.
The death yak gores you! x2
* * * LOW HITPOINT WARNING * * *
You barely miss the death yak.
The death yak is lightly wounded.
Gilligan hits the death yak with a +0 flail.
You puncture the death yak!
The death yak is moderately wounded.
The death yak barely misses you.
The death yak gores Gilligan!
You puncture the death yak!
The death yak looks as sick as possible!
The death yak is heavily wounded.
You block the death yak's attack. x2
You impale the death yak!!
The death yak looks as sick as possible!
The death yak is severely wounded.
Gilligan hits the death yak with a +0 flail.
You puncture the death yak!
You kill the death yak!
You block the death yak's attack.
You completely miss the death yak. You hit the death yak.
The death yak is poisoned.
The death yak is lightly wounded.
Gilligan hits the death yak with a +0 flail.
The death yak barely misses you. The death yak gores you!
* * * LOW HITPOINT WARNING * * *
You puncture the death yak!
The death yak looks as sick as possible!
The death yak is lightly wounded.
You puncture the death yak!
The death yak is moderately wounded.
The death yak gores you!
* * * LOW HITPOINT WARNING * * *
The death yak gores you!
You die...

## ### ####.####.##
#...###.##.#############
................RY......
................@Y....$.
.....P#.#..#.#.#########
.....###....#### ....P#
#P...# ....## ##..P#
....### #..## ..>...#
#..# ....P## #..#
..>...###).#


You could see the friendly Gilligan the knight and 2 death yaks.

Vanquished Creatures
  An orc warlord (Bailey)
  The ghost of Kamelo the Bludgeoner, a journeyman MiBe of Trog (D:11)
  An entropy weaver (shapeshifter) (D:11)
  Fannar (D:11)
  A hydra (Lair:1)
  3 two-headed ogres
  4 death yaks (Lair:2)
  A boulder beetle (D:8)
  Urug (D:11)
  Amaemon (D:8)
  An orc knight (Bailey)
  4 ugly things (D:11)
  A cyclops (D:11)
  A manticore (D:11)
  A black mamba (shapeshifter) (D:11)
  Maurice (D:8)
  5 elephants (Lair:2)
  An orange demon (D:8)
  A guardian serpent (shapeshifter) (D:11)
  3 cane toads (Lair:1)
  2 unseen horrors
  A komodo dragon (Lair:1)
  A kobold demonologist (D:10)
  A queen bee (D:11)
  2 trolls
  A hornet (D:9)
  8 blink frogs
  A slime creature (D:8)
  A shadow (D:11)
  7 wyverns
  20 yaks
  2 basilisks (Lair:1)
  3 neqoxecs (D:11)
  3 vampire mosquitoes
  2 steam dragons
  2 acid dragons
  7 water moccasins
  A sky beast (D:6)
  3 ice beasts
  15 orc warriors
  A black bear (Lair:1)
  5 ogres
  11 centaurs
  4 kobold brigands
  A gnoll sergeant (D:8)
  5 bullfrogs
  3 scorpions
  5 wights
  35 killer bees
  2 howler monkeys
  An electric eel (D:6)
  6 hounds
  An iron imp (D:4)
  4 orc priests
  A gnoll bouda (D:6)
  3 jellies
  2 sleepcaps
  Crazy Yiuf (D:7)
  An iguana (shapeshifter) (D:11)
  An iguana (D:5)
  A hell rat (Lair:1)
  5 orc wizards
  3 adders
  13 gnolls
  3 shadow imps
  An ufetubus (D:6)
  A worm (D:5)
  5 dart slugs
  36 orcs
  6 ball pythons
  2 endoplasms (D:1)
  3 giant cockroaches (D:1)
  15 hobgoblins
  18 kobolds
  3 quokkas
  A bat (D:2)
  6 frilled lizards
  13 goblins
  3 rats (D:1)
348 creatures vanquished.

Vanquished Creatures (collateral kills)
  Gastronok (Lair:1)
  An orc knight (Bailey)
  An ugly thing (D:11)
  An elephant (Lair:2)
  A wraith (D:10)
  A yak (D:10)
  An acid dragon (D:11)
  A kobold brigand (D:9)
  5 killer bees (D:11)
  An orc wizard (D:9)
  A gnoll (Bailey)
  4 orcs
  2 goblins (Bailey)
  2 hobgoblins (Bailey)
  A kobold (D:9)
24 creatures vanquished.

Vanquished Creatures (others)
  2 knights
  3 ancestors
5 creatures vanquished.

Grand Total: 377 creatures vanquished

Notes
Turn   | Place    | Note
-------+----------+-------------------------------------------
     0 | D:1      | Diggabert the Formicid Fighter began the quest for the Orb.
     0 | D:1      | Reached XP level 1. HP: 18/18 MP: 1/1
   136 | D:1      | Reached XP level 2. HP: 21/24 MP: 2/2
   364 | D:1      | You fall into a shaft and drop 1 floor!
   500 | D:2      | Reached XP level 3. HP: 27/29 MP: 3/3
   879 | D:1      | Reached XP level 4. HP: 37/37 MP: 4/4
  1598 | D:3      | Noticed an ogre
  1611 | D:3      | Killed an ogre
  1612 | D:3      | Reached skill level 3 in Polearms
  1612 | D:3      | Reached skill level 1 in Dodging
  1612 | D:3      | Reached XP level 5. HP: 15/42 MP: 5/5
  2240 | D:4      | Reached XP level 6. HP: 48/48 MP: 6/6
  2287 | D:4      | Reached skill level 4 in Polearms
  2307 | D:4      | Found a basalt altar of Yredelemnul.
  2449 | D:4      | Noticed an ogre
  2461 | D:4      | Killed an ogre
  2462 | D:4      | Reached XP level 7. HP: 23/55 MP: 7/7
  2667 | D:4      | Found a snail-covered altar of Cheibriados.
  2676 | D:4      | Reached skill level 5 in Shields
  3063 | D:5      | Entered Level 5 of the Dungeon
  3190 | D:5      | Reached skill level 5 in Polearms
  3190 | D:5      | Reached skill level 5 in Armour
  3597 | D:5      | Reached XP level 8. HP: 50/61 MP: 8/8
  3652 | D:5      | Found a white marble altar of Elyvilon.
  3666 | D:5      | Reached skill level 5 in Fighting
  3668 | D:5      | Reached skill level 6 in Polearms
  3693 | D:5      | Found a sparkling altar of Nemelex Xobeh.
  4302 | D:6      | Identified the +9 spear "Dirhediw" {venom, Will+ Str+4}
  4458 | D:6      | Reached skill level 7 in Polearms
  4458 | D:6      | Reached XP level 9. HP: 67/68 MP: 9/9
  4746 | D:6      | Found a glowing golden altar of the Shining One.
  5189 | D:6      | Found a staircase to the Ecumenical Temple.
  5195 | Temple   | Entered the Ecumenical Temple
  5265 | Temple   | Became a worshipper of Hepliaklqana the Forgotten
  5465 | D:6      | Reached skill level 8 in Polearms
  5798 | D:7      | Found a transporter.
  5848 | D:7      | Noticed a troll
  5849 | D:7      | Noticed a two-headed ogre
  5860 | D:7      | Noticed Du3lingdragon's ghost (novice HOCA)
  5964 | D:7      | Found a transporter.
  5968 | D:7      | Noticed a moth of wrath
  6200 | D:7      | Found a transporter.
  6201 | D:7      | Found a transporter.
  6201 | D:7      | Noticed an orc knight
  6327 | D:7      | Found an opulent altar of Gozag.
  6336 | D:7      | Found a sacrificial altar of Ru.
  6596 | D:7      | Reached XP level 10. HP: 77/77 MP: 10/10
  6676 | D:7      | Found a runed translucent door.
  6677 | D:7      | Noticed Crazy Yiuf
  6682 | D:7      | Killed Crazy Yiuf
  6817 | D:8      | Noticed Maurice
  6829 | D:8      | Killed Maurice
  6830 | D:8      | Reached skill level 9 in Polearms
  6830 | D:8      | Noticed Amaemon
  6927 | D:8      | Killed Amaemon
  7116 | D:8      | Reached * piety under Hepliaklqana
  7158 | D:8      | Noticed an orange demon
  7167 | D:8      | Killed an orange demon
  7216 | D:8      | Noticed a two-headed ogre
  7227 | D:8      | Killed a two-headed ogre
  7228 | D:8      | Reached skill level 10 in Polearms
  7251 | D:8      | Reached XP level 11. HP: 30/76 MP: 11/11
  7594 | D:8      | Noticed a two-headed ogre
  7600 | D:8      | Killed a two-headed ogre
  7653 | D:8      | Reached skill level 11 in Polearms
  7653 | D:8      | Noticed a boulder beetle
  7667 | D:8      | Killed a boulder beetle
  7668 | D:8      | Reached skill level 5 in Dodging
  7979 | D:8      | Found a staircase to the Lair.
  8557 | D:9      | Reached skill level 10 in Armour
  8799 | D:9      | Noticed a two-headed ogre
  8806 | D:9      | Killed a two-headed ogre
  8937 | D:10     | Entered Level 10 of the Dungeon
  9012 | D:10     | Reached XP level 12. HP: 84/84 MP: 12/12
  9013 | D:10     | Reached ** piety under Hepliaklqana
  9014 | D:10     | Remembered your ancestor Gilligan as a knight
  9369 | D:10     | Found a flagged portal.
  9375 | Bailey   | Entered a bailey
  9475 | Bailey   | Reached skill level 12 in Polearms
  9620 | Bailey   | Noticed an orc warlord
  9645 | Bailey   | Killed an orc warlord
  9735 | Bailey   | Reached skill level 10 in Fighting
  9735 | Bailey   | Reached skill level 10 in Shields
  9735 | Bailey   | Reached XP level 13. HP: 93/93 MP: 13/13
 10205 | D:11     | Reached *** piety under Hepliaklqana
 10215 | D:11     | Noticed Fannar
 10228 | D:11     | Killed Fannar
 10269 | D:11     | Noticed Urug
 10280 | D:11     | Killed Urug
 10281 | D:11     | Reached skill level 13 in Polearms
 10837 | D:11     | Found a runed translucent gate.
 10838 | D:11     | Found a runed translucent gate.
 10839 | D:11     | Found a runed translucent gate.
 11245 | D:11     | Reached XP level 14. HP: 73/101 MP: 14/14
 11338 | D:11     | Found a runed translucent gate.
 11338 | D:11     | Found a runed translucent gate.
 11342 | D:11     | Found a runed translucent gate.
 11345 | D:11     | Noticed Kamelo's ghost (journeyman MiBe)
 11356 | D:11     | Gained mutation: Your body sometimes deteriorates upon
                  | taking damage. [a neqoxec]
 11397 | D:11     | Gained mutation: You are frail. (-10% HP) [a neqoxec]
 11418 | D:11     | Killed Kamelo's ghost
 11539 | D:11     | Lost mutation: Your body sometimes deteriorates upon taking
                  | damage. [potion of mutation]
 11539 | D:11     | Lost mutation: You are frail. (-10% HP) [potion of
                  | mutation]
 11539 | D:11     | Gained mutation: Your system is resistant to poisons.
                  | (rPois) [potion of mutation]
 11539 | D:11     | Gained mutation: You are strong-willed. (Will+) [potion of
                  | mutation]
 11539 | D:11     | Lost mutation: You are strong-willed. (Will+) [potion of
                  | mutation]
 11655 | Lair:1   | Entered Level 1 of the Lair of Beasts
 11801 | Lair:1   | Identified a scroll of acquirement
 11802 | Lair:1   | Acquired the ring "Meylicak" {rElec rF+ Int-2 Slay+3}
 11917 | Lair:1   | Noticed Gastronok
 11943 | Lair:1   | Killed Gastronok
 12093 | Lair:1   | Reached **** piety under Hepliaklqana
 12299 | Lair:1   | Found a radiant altar of Vehumet.
 12966 | Lair:2   | HP: 5/104 [death yak (9)]
 12966 | Lair:2   | Mangled by a death yak

Illustrated notes

Levels and vault maps discovered:
D:1:      lemuel_arrival_funnel, layout_loops_ring, minmay_tromino_i4
D:2:      layout_basic
D:3:      layout_basic
D:4:      layout_rooms, overflow_temple_1_default, slow_altar_2,
          nicolae_ossuary_entry_ruins, hangedman_decor_slide_cut
D:5:      layout_loops_corners, jmf_multi_god_temple
D:6:      layout_basic, tso_metal_star, minmay_temple_entry_hall,
          water_boxes_lemuel
D:7:      gammafunk_beogh_shrine, layout_loops_ring, mainiacjoe_overflow_swirl,
          gammafunk_ghost_berserking_beasts, chequers_arboretum,
          uniq_crazy_yiuf_cottage
D:8:      minmay_imperfect_grid, layout_rooms, feat_on_display, uniq_maurice,
          uniq_amaemon
D:9:      layout_rooms
D:10:     layout_layer_cave, enter_bailey_2, nicolae_twisting_strands
D:11:     layout_gridville, special_room [special_room_bee],
          ploomutoo_gammafunk_ghost_potion_laboratory, moated_statue,
          uniq_fannar, uniq_urug
Temple:   nicolae_temple_superstar
Lair:1:   layout_roguey, basic_altar, hangedman_lair_generics_rect,
          uniq_gastronok
Lair:2:   layout_small_grid, serial_bayou_shore_b

Skill      XL: |  1  2  3  4  5  6  7  8  9 10 11 12 13 14 |
---------------+-------------------------------------------+-----
Fighting       | 4 5 6 7 8 10 11 12 | 12.5
Polearms       | 3 4 5 7 8 10 11 12 13 | 13.9
Armour         | 4 5 6 7 8 10 11 12 | 12.8
Dodging        | 1 2 3 4 5 6 7 |  7.8
Shields        | 5 6 7 8 10 11 12 | 12.6

Action                     |  1- 3 |  4- 6 |  7- 9 | 10-12 | 13-15 || total
---------------------------+-------+-------+-------+-------+-------++-------
  Melee: Trident           |    77 |   139 |   140 |       |       ||   356
         Spear             |       |       |   132 |   483 |   497 ||  1112
 Invoke: Ancestor Identity |       |       |       |     1 |       ||     1
         Ancestor Life: Kn |       |       |       |     1 |       ||     1
Ability: Dig               |       |       |       |       |     1 ||     1
    Use: Scroll            |       |     9 |     6 |     3 |     4 ||    22
         Potion            |       |       |       |     1 |     1 ||     2
   Stab: Distracted        |       |       |     1 |       |     1 ||     2
 Armour: Scale mail        |     4 |       |       |       |       ||     4
         Chain mail        |    27 |    63 |     3 |       |       ||    93
         Plate armour      |       |       |    78 |    76 |    98 ||   252
  Dodge: Dodged            |    21 |    39 |    81 |    71 |    62 ||   274
  Block: Buckler           |    14 |    23 |    49 |    62 |   135 ||   283
         Reflection        |       |       |       |     5 |     7 ||    12
